Map: King's Cove LE

Players

lIIlIIllIIlI

  • Race: Terran Terran
  • League: Master
  • Spawn Location: 11:00

Jason - Winner!

  • Race: Terran Terran
  • League: Master
  • Spawn Location: 5:00

VOD

Have the link to the VOD?

Description

TvT

Time

  • Played on: March 17, 2019, 2:41 p.m.
  • Length: 34:35
Show
View Real Time Build Order
Export as new Build Order

lIIlIIllIIlI Terran 

Build Orders:  

Get SALT Encoding   

  12  0:01  SCV  
  13  0:13  SCV  
  14  0:18  Supply Depot  
  14  0:27  SCV  
  15  0:31  Refinery  
  15  0:42  SCV  
  16  0:46  Barracks  
  16  0:54  SCV  
  17  0:58  Refinery  
  17  1:06  SCV  
  18  1:20  SCV  
  19  1:34  Factory  
  19  1:35  Orbital Command  
  19  1:38  Reaper  
  20  1:47  Supply Depot  
  20  2:01  SCV  
  21  2:10  Reaper  
  21  2:13  SCV  
  23  2:19  Hellion  
  25  2:25  SCV  
  26  2:31  Command Center  
  26  2:37  SCV  
  27  2:46  Hellion  
  27  2:47  Supply Depot  
  27  2:48  Barracks Tech Lab  
  27  2:50  SCV  
  30  3:02  SCV  
  30  3:03  Starport  
  31  3:14  Cyclone, SCV  
  31  3:18  Barracks Tech Lab  
  35  3:20  Refinery  
  35  3:26  SCV  
  36  3:38  SCV  
  37  3:43  Orbital Command  
  37  3:45  Barracks Reactor  
  37  3:48  Raven  
  37  3:51  SCV  
  40  3:59  Supply Depot  
  40  4:00  Cyclone  
  43  4:03  SCV  
  43  4:08  SCV  
  45  4:15  SCV  
  46  4:19  Supply Depot  
  46  4:21  SCV, Marine x2  
  49  4:27  SCV  
  50  4:31  Raven  
  50  4:33  SCV  
  53  4:39  SCV, Marine x2  
  53  4:40  Siege Tank  
  53  4:45  SCV, Supply Depot  
  60  4:51  SCV  
  61  4:57  SCV, Marine x2  
  64  5:03  SCV  
  65  5:08  Command Center  
  65  5:09  SCV  
  65  5:12  Siege Tank  
  69  5:15  SCV  
  70  5:21  Viking, SCV  
  70  5:23  Viking  
  70  5:27  SCV, Stimpack, Marine  
  77  5:34  Supply Depot  
  77  5:35  Supply Depot  
  77  5:36  SCV  
  77  5:38  Refinery  
  78  5:55  Barracks  
  78  5:56  SCV x2, Siege Tank  
  83  5:57  Barracks  
  83  6:08  SCV, Engineering Bay  
  83  6:09  Viking, Engineering Bay  
  86  6:11  Viking  
  86  6:13  SCV  
  88  6:20  SCV  
  88  6:22  SCV  
  88  6:25  SCV  
  81  6:33  SCV  
  81  6:36  Terran Infantry Armor Level 1, Terran Infantry Weapons Level 1  
  81  6:37  SCV, Orbital Command  
  83  6:41  Siege Tank  
  83  6:44  Barracks Reactor x2  
  83  6:45  SCV  
  87  6:49  SCV  
  87  6:50  Viking  
  87  6:54  Viking  
  92  6:57  SCV  
  94  7:01  SCV  
  94  7:02  SCV  
  94  7:04  Barracks x2  
  94  7:06  Refinery  
  94  7:07  Refinery  
  95  7:13  SCV  
  95  7:14  Marine, Siege Tank  
  100  7:16  SCV x2  
  101  7:25  SCV, Supply Depot  
  101  7:26  Supply Depot  
  101  7:28  Armory, SCV x2  
  101  7:29  Combat Shield, Supply Depot  
  104  7:34  Marine  
  104  7:35  Marine x4  
  107  7:37  SCV  
  108  7:46  Medivac x2  
  114  7:52  Marine, Barracks Reactor x2  
  114  7:53  Marine x2  
  114  7:55  SCV  
  113  8:02  Marine x2  
  115  8:09  Factory  
  115  8:10  Marine  
  115  8:11  Marine x2, Supply Depot, Siege Tank  
  121  8:13  Supply Depot  
  121  8:16  Medivac x2  
  125  8:20  Marine x2  
  127  8:28  Marine  
  127  8:29  Marine x2  
  127  8:31  SCV x3  
  133  8:35  Terran Infantry Weapons Level 2  
  133  8:37  Terran Infantry Armor Level 2  
  133  8:38  Marine x2  
  133  8:39  Terran Vehicle Weapons Level 1, Command Center  
  135  8:44  Supply Depot  
  135  8:45  Marine x3  
  135  8:47  Marine x2  
  140  8:48  Supply Depot  
  140  8:55  SCV  
  141  8:56  Marine  
  141  8:57  Sensor Tower  
  141  8:58  SCV x2  
  141  9:00  Factory Tech Lab  
  144  9:04  Sensor Tower, Siege Tank  
  144  9:05  Marine x3  
  144  9:07  Marine  
  144  9:09  Supply Depot  
  151  9:10  Supply Depot  
  151  9:11  Supply Depot  
  151  9:13  SCV x2, Marine  
  151  9:16  Marine x2  
  156  9:18  Marine x2  
  156  9:20  SCV  
  156  9:23  Marine  
  160  9:24  Marine  
  160  9:25  Marine x2  
  163  9:31  Marine  
  163  9:34  Medivac, Siege Tank, Marine x2  
  163  9:36  Marine x2  
  163  9:37  Supply Depot  
  173  9:39  Refinery  
  173  9:40  Refinery  
  173  9:41  Marine  
  173  9:42  Marine  
  173  9:43  Marine, Siege Tank  
  173  9:44  Marine  
  179  9:52  Planetary Fortress  
  179  9:57  Starport  
  179  9:58  Starport  
  178  10:05  Marine  
  178  10:06  Marine  
  180  10:14  Command Center  
  180  10:18  Siege Tank x2  
  180  10:19  Viking  
  180  10:20  Viking  
  180  10:21  Marine  
  191  10:36  Starport Reactor, Starport Tech Lab  
  191  10:44  Marine  
  192  10:50  Siege Tank  
  169  10:57  Marine  
  169  10:58  Marine x7  
  169  10:59  Siege Tank  
  169  11:02  Marine  
  149  11:09  Viking x3  
  151  11:15  Marine x7  
  151  11:16  Marine  
  159  11:20  Marine  
  157  11:26  Planetary Fortress  
  157  11:33  Marine x8  
  157  11:37  Marine  
  157  11:39  Corvid Reactor, Raven  
  168  11:40  Viking  
  168  11:45  Terran Infantry Weapons Level 3  
  170  11:47  Terran Vehicle Weapons Level 2  
  170  11:51  Marine x7  
  170  11:52  Terran Infantry Armor Level 3, Marine  
  178  11:56  Marine  
  166  12:09  Marine x5  
  166  12:10  Marine  
  166  12:11  Marine  
  166  12:13  Marine  
  166  12:15  Siege Tank  
  168  12:16  Marine  
  167  12:27  Marine x6  
  167  12:29  Marine  
  174  12:31  Marine  
  174  12:33  Marine  
  174  12:36  Siege Tank  
  176  12:44  Marine x5  
  176  12:45  Marine  
  176  12:48  Barracks x2  
  184  12:51  Marine  
  184  12:53  Raven  
  184  12:54  Viking  
  184  12:56  Marine x2, Command Center  
  189  13:00  Command Center  
  189  13:02  Marine x3  
  189  13:03  Marine x3  
  187  13:09  Viking, Marine  
  186  13:14  Marine x2  
  186  13:16  Viking x2  
  192  13:22  Marine  
  192  13:24  Marine x5  
  198  13:27  Marine  
  198  13:32  Marine  
  194  13:50  Marine  
  194  13:51  Marine  
  152  13:55  Marine  
  152  13:56  Marine x6  
  140  14:08  Marine  
  140  14:09  Viking, Raven, Marine  
  140  14:10  Barracks Reactor  
  140  14:11  Barracks Reactor  
  140  14:13  Medivac x2, Marine x7  
  140  14:15  Viking  
  139  14:20  Planetary Fortress, Fusion Core  
  134  14:26  Marine  
  134  14:27  Marine  
  127  14:31  Marine x7  
  127  14:33  Neosteel Armor  
  127  14:35  Siege Tank  
  137  14:38  Orbital Command  
  137  14:44  Marine, Siege Tank  
  137  14:45  Marine  
  142  14:47  Marine x2  
  142  14:49  Terran Ship Weapons Level 1  
  142  14:52  Raven  
  146  14:53  Armory  
  146  15:01  Viking x2  
  150  15:07  Marine, Siege Tank  
  150  15:11  Marine x4  
  150  15:14  Marine x4  
  158  15:17  Siege Tank  
  158  15:21  Marine x4  
  166  15:22  Liberator x3  
  166  15:25  Marine, Liberator  
  170  15:28  Marine  
  170  15:29  Marine x3  
  170  15:33  Advanced Ballistics  
  170  15:34  Raven  
  176  15:39  Siege Tank  
  176  15:40  Starport  
  176  15:41  Starport  
  190  15:46  Terran Vehicle And Ship Armor Level 1  
  190  16:03  Siege Tank  
  193  16:11  Siege Tank  
  193  16:15  Command Center  
  193  16:16  Viking  
  193  16:18  Viking  
  199  16:24  Viking x2  
  200  16:38  Marine x2  
  195  16:49  Marine  
  195  16:50  Command Center  
  195  16:53  Viking  
  181  16:57  Viking x6  
  185  17:03  Orbital Command  
  178  17:23  Viking  
  178  17:27  Viking x5  
  188  17:37  Siege Tank  
  191  17:47  Raven, Liberator  
  191  17:52  Starport, Terran Vehicle And Ship Armor Level 2  
  191  17:53  Viking, Terran Ship Weapons Level 2  
  191  17:55  Refinery  
  191  17:57  Viking x3  
  191  17:58  Command Center  
  199  18:02  Liberator  
  199  18:04  Refinery  
  194  18:06  Liberator  
  194  18:10  Liberator  
  181  18:17  Siege Tank x2, Marine x11  
  195  18:22  Marine  
  195  18:24  Marine  
  195  18:25  Liberator x2  
  176  18:35  Marine x7  
  176  18:39  Marine  
  146  18:42  Marine  
  142  18:52  Siege Tank  
  142  18:53  Marine x7  
  150  18:57  Marine  
  150  19:00  Marine  
  151  19:06  Liberator  
  151  19:11  Marine x7  
  151  19:13  Viking x2  
  151  19:14  Marine  
  160  19:18  Marine  
  160  19:20  Viking  
  161  19:29  Marine x7  
  155  19:32  Siege Tank, Marine  
  155  19:34  Viking  
  155  19:36  Marine  
  151  19:42  Viking  
  148  19:46  Marine x7  
  148  19:50  Marine  
  156  19:54  Marine  
  157  20:03  Viking  
  157  20:04  Marine x7  
  165  20:08  Marine  
  165  20:09  Viking  
  165  20:11  SCV x2, Marine  
  159  20:22  Marine x7  
  159  20:26  Marine  
  134  20:29  Marine  
  103  20:40  Marine x7  
  103  20:41  Medivac  
  103  20:42  Medivac x2  
  116  20:43  Medivac  
  116  20:44  Marine  
  116  20:47  Marine  
  116  20:48  SCV  
  116  20:49  SCV x4  
  119  20:58  Marine  
  119  21:00  Medivac  
  119  21:01  SCV x2  
  124  21:10  SCV x2  
  124  21:11  SCV  
  127  21:15  SCV  
  128  21:20  Marine x5  
  128  21:23  SCV  
  134  21:26  Siege Tank  
  134  21:31  Siege Tank  
  134  21:32  Marine x3  
  140  21:35  SCV, Marine  
  131  21:40  Marine  
  131  21:41  Marine x4  
  116  21:47  SCV  
  116  21:50  Marine x3  
  116  21:53  Marine  
  109  21:58  Marine  
  109  21:59  Marine x4  
  106  22:07  Marine  
  106  22:08  Marine x2  
  103  22:11  Marine  
  93  22:16  Marine x2, Siege Tank  
  93  22:17  Marine x3  
  93  22:20  Medivac  
  100  22:25  Marine x3  
  100  22:28  Siege Tank  
  100  22:29  Marine  
  105  22:32  Refinery  
  105  22:33  Marine  
  105  22:34  Refinery, Marine x4  
  105  22:35  Orbital Command  
  110  22:40  Refinery, SCV  
  110  22:42  Refinery  
  110  22:43  Marine x3  
  114  22:47  Marine  
  115  22:51  Marine  
  115  22:52  SCV, Marine x4  
  121  23:01  Marine x3  
  121  23:04  Marine  
  123  23:07  SCV  
  123  23:09  Marine  
  123  23:10  Marine x4  
  121  23:19  SCV, Marine x3  
  120  23:22  Marine  
  114  23:27  Marine  
  114  23:28  Marine x4  
  114  23:31  SCV  
  114  23:34  Planetary Fortress  
  115  23:36  Marine  
  115  23:37  Marine x2  
  115  23:40  Marine  
  117  23:44  SCV  
  117  23:45  Marine  
  114  23:56  SCV  
  114  23:59  Marine x8  
  123  24:03  Orbital Command  
  123  24:04  Marine  
  123  24:08  SCV  
  125  24:12  Medivac x2  
  125  24:13  Medivac  
  125  24:17  Marine  
  132  24:26  Marine  
  132  24:29  Marine  
  115  24:35  Marine  
  115  24:36  Marine x4  
  93  24:40  Medivac  
  93  24:42  Medivac  
  93  24:43  Marine  
  98  24:47  Refinery, Marine  
  98  24:48  Refinery  
  98  24:49  SCV  
  98  24:50  SCV  
  98  24:51  SCV  
  100  24:55  SCV  
  100  24:59  Marine x7  
  108  25:01  Marine  
  108  25:02  Command Center  
  108  25:05  Marine  
  110  25:08  SCV  
  110  25:09  SCV x2  
  110  25:10  SCV  
  109  25:17  Marine x3  
  109  25:18  Marine x2  
  109  25:20  SCV  
  113  25:23  Marine  
  113  25:24  Orbital Command, Marine  
  115  25:29  Marine x2  
  117  25:35  Marine  
  117  25:38  Siege Tank  
  117  25:39  SCV  
  117  25:41  SCV  
  122  25:44  SCV  
  95  25:53  Marine x4  
  95  25:56  SCV  
  97  25:57  SCV  
  97  26:00  SCV x3  
  99  26:06  Marine x3  
  99  26:09  SCV x2  
  105  26:16  SCV x2  
  107  26:21  Marine  
  107  26:22  Marine x5  
  107  26:24  SCV  
  113  26:28  Marine x3  
  113  26:32  SCV  
  113  26:35  SCV  
  113  26:38  Medivac x2  
  113  26:39  Marine  
  119  26:42  Medivac x2  
  119  26:46  Marine x4  
  127  26:47  Marine  
  127  26:50  Marine  
  127  26:52  Marine  
  127  26:53  Marine  
  130  26:57  Marine  
  130  27:00  SCV x2  
  133  27:01  SCV  
  133  27:02  Refinery x2, SCV  
  133  27:04  Marine  
  133  27:05  Refinery  
  133  27:06  Refinery  
  133  27:07  Marine x3  
  133  27:08  SCV  
  139  27:13  Marine x4  
  139  27:15  Marine  
  140  27:17  Planetary Fortress  
  140  27:22  Marine  
  123  27:25  Marine x2  
  123  27:28  SCV x2  
  126  27:31  Marine x2  
  126  27:32  Marine  
  126  27:34  Marine  
  126  27:35  Marine  
  126  27:36  Marine  
  128  27:43  Marine  
  128  27:44  Marine x2  
  126  27:48  Marine  
  126  27:49  Marine  
  126  27:50  Marine  
  129  27:52  Marine  
  129  27:53  Marine  
  131  27:59  Marine  
  131  28:01  Marine  
  131  28:03  Marine x2  
  119  28:06  Medivac, Marine  
  119  28:07  Medivac, Marine  
  119  28:08  Marine  
  119  28:10  Marine  
  119  28:11  Marine  
  125  28:13  Medivac  
  125  28:17  Marine  
  125  28:19  Marine  
  128  28:21  Marine x2  
  128  28:24  Marine x2  
  128  28:26  Marine  
  133  28:28  Marine  
  133  28:29  Marine  
  133  28:32  SCV x4  
  139  28:35  Marine  
  139  28:37  Marine  
  139  28:39  Marine x2  
  143  28:42  Marine x2  
  143  28:43  Siege Tank  
  143  28:44  SCV x3, Marine  
  143  28:45  SCV  
  143  28:46  Marine  
  143  28:47  Marine  
  155  28:49  Siege Tank  
  155  28:53  Marine  
  155  28:55  Marine  
  160  29:07  Marine x7  
  164  29:11  Marine  
  164  29:13  Marine  
  152  29:25  Marine x2  
  152  29:28  Marine x5  
  152  29:29  Orbital Command, Marine  
  152  29:30  Marine  
  151  29:43  Marine x2  
  135  29:46  Marine x6  
  135  29:48  Marine  
  133  30:01  Marine x2  
  133  30:04  Marine x6  
  133  30:06  Marine  
  120  30:18  Marine  
  120  30:19  Marine  
  105  30:22  Marine x6  
  105  30:24  Marine  
  104  30:36  Medivac, Marine x2  
  104  30:37  Medivac x2  
  104  30:39  Marine  
  104  30:40  Marine x5  
  104  30:41  SCV x3  
  104  30:42  Marine  
  114  30:43  SCV  
  114  30:49  SCV  
  116  30:54  Marine x2  
  118  30:57  Marine x5  
  118  30:58  Marine  
  118  30:59  Marine  
  105  31:12  Marine x2  
  105  31:14  Siege Tank  
  105  31:15  Marine x6  
  105  31:17  Marine  
  112  31:24  Orbital Command  
  112  31:26  Siege Tank  
  112  31:30  Marine x2  
  112  31:32  Orbital Command  
  116  31:33  Marine  
  117  32:03  Siege Tank  
  117  32:04  Siege Tank  
  117  32:07  SCV x4  
  127  32:09  Marine  
  128  32:19  SCV x2  
  129  32:23  Marine  
  129  32:25  Marine x3  
  129  32:27  Marine  
  129  32:28  Marine  
  135  32:36  Siege Tank  
  132  32:37  Marine  
  132  32:39  Medivac x2  
  132  32:40  Medivac  
  139  32:49  Medivac  
  141  32:52  Refinery  
  141  32:54  Refinery  
  141  32:59  Marine x6  
  147  33:11  Marine x3  
  150  33:15  Siege Tank  
  150  33:16  Marine  
  150  33:17  Marine x5  
  143  33:29  Marine x3  
  142  33:34  Marine x6  
  148  33:46  Marine  
  148  33:47  Marine x2  
  151  33:52  Marine x4  
  151  33:54  Marine  
  154  33:57  Marine  
  154  34:04  Marine x3  
  157  34:12  Marine  
  157  34:13  Marine  
  157  34:15  Marine  
Show
View Real Time Build Order
Export as new Build Order

Jason Terran - Winner!

Build Orders:  

Get SALT Encoding   

  12  0:01  SCV  
  13  0:13  SCV  
  14  0:19  Supply Depot  
  14  0:25  SCV  
  15  0:31  Refinery  
  15  0:40  SCV  
  16  0:47  Barracks  
  16  0:53  SCV  
  17  1:05  SCV  
  17  1:11  Refinery  
  18  1:17  SCV  
  20  1:39  Reaper  
  21  1:40  Orbital Command  
  20  1:48  Factory  
  20  1:57  Supply Depot  
  20  2:05  SCV  
  21  2:13  Reaper  
  22  2:18  SCV  
  23  2:30  SCV  
  23  2:34  Hellion  
  26  2:41  Command Center  
  26  2:43  SCV  
  27  2:48  Reaper  
  28  2:55  SCV  
  29  3:00  Supply Depot  
  31  3:05  Hellion  
  31  3:08  Starport  
  31  3:22  SCV  
  31  3:27  Barracks Tech Lab  
  32  3:29  Factory Tech Lab  
  32  3:34  SCV  
  33  3:47  SCV  
  34  3:50  Cyclone  
  34  3:53  Orbital Command  
  37  3:57  Raven  
  39  4:05  SCV  
  39  4:07  Refinery  
  39  4:08  Barracks Reactor  
  40  4:17  SCV  
  40  4:19  SCV  
  42  4:27  Siege Tank  
  42  4:29  SCV  
  46  4:31  SCV  
  46  4:34  Command Center  
  47  4:41  SCV  
  47  4:42  Supply Depot  
  47  4:44  SCV  
  49  4:45  Raven  
  49  4:46  Marine x2  
  53  4:54  SCV  
  53  4:55  Supply Depot  
  54  5:04  SCV, Siege Tank  
  58  5:10  Marine  
  58  5:11  Marine  
  58  5:12  SCV  
  61  5:24  SCV x2  
  61  5:26  Barracks  
  61  5:27  Barracks  
  61  5:28  Supply Depot  
  63  5:38  SCV  
  63  5:39  SCV  
  63  5:41  Supply Depot  
  65  5:43  Siege Tank  
  65  5:46  Orbital Command  
  68  5:52  Stimpack, Marine  
  69  5:59  Viking  
  69  6:00  SCV x2  
  69  6:02  Refinery  
  72  6:08  Viking  
  74  6:16  Siege Tank  
  74  6:23  Marine  
  65  6:26  Marine x2  
  65  6:31  Viking  
  65  6:32  SCV x2  
  65  6:34  Supply Depot x2  
  62  6:40  Barracks, Marine  
  62  6:41  Barracks  
  62  6:44  Viking, Marine x2  
  62  6:46  SCV  
  68  6:50  Siege Tank  
  69  6:55  SCV x2  
  69  6:59  SCV  
  72  7:03  Marine x3  
  75  7:10  Viking, Orbital Command  
  77  7:21  Marine  
  77  7:22  Siege Tank  
  81  7:28  Marine  
  82  7:30  Engineering Bay  
  82  7:31  Marine  
  82  7:32  SCV, Engineering Bay  
  84  7:39  SCV x2, Marine  
  87  7:44  SCV  
  87  7:46  Marine  
  87  7:48  Marine  
  89  7:52  Medivac x2  
  89  7:54  Siege Tank  
  95  8:04  SCV  
  95  8:05  Sensor Tower  
  96  8:06  SCV  
  96  8:11  Terran Infantry Weapons Level 1  
  96  8:12  Marine x2  
  99  8:14  Barracks Reactor x2  
  99  8:15  SCV  
  99  8:16  SCV  
  99  8:18  SCV, Marine  
  103  8:22  Viking  
  103  8:24  Terran Infantry Armor Level 1  
  105  8:27  SCV  
  105  8:28  Refinery, SCV  
  105  8:30  SCV  
  105  8:32  Combat Shield, Siege Tank  
  111  8:35  Barracks Reactor  
  111  8:39  SCV  
  111  8:40  SCV  
  113  8:42  Refinery  
  113  8:43  Supply Depot  
  113  8:45  Supply Depot  
  113  8:46  SCV  
  115  8:51  SCV, Barracks Reactor  
  115  8:53  SCV  
  116  8:58  Supply Depot  
  116  8:59  Marine  
  116  9:00  Medivac x2  
  116  9:02  Marine x2  
  121  9:04  Marine x2  
  121  9:08  Siege Tank  
  128  9:10  SCV x2  
  128  9:13  Marine x2  
  132  9:17  Marine  
  132  9:20  Marine x2  
  132  9:21  Marine x2  
  137  9:24  Supply Depot  
  137  9:25  Supply Depot  
  137  9:38  Armory, Marine, Command Center  
  138  9:44  Marine x3  
  140  9:50  Siege Tank  
  143  9:56  Missile Turret  
  143  9:57  Marine x2, Supply Depot x2, Sensor Tower  
  143  9:58  Marine x2  
  147  10:00  Marine  
  147  10:03  SCV x2  
  147  10:04  SCV  
  151  10:09  Marine x3  
  151  10:13  Medivac x2  
  158  10:17  Marine x2  
  158  10:23  Siege Tank, Marine  
  158  10:24  Marine x2  
  164  10:29  Terran Infantry Weapons Level 2  
  164  10:32  Terran Infantry Armor Level 2  
  164  10:43  Marine  
  164  10:45  Marine x4  
  164  10:46  Starport x2, Marine  
  170  10:55  Siege Tank  
  162  11:00  Viking x2  
  128  11:05  Marine x3  
  128  11:09  Marine x3  
  118  11:21  Marine x2  
  118  11:22  Marine  
  118  11:23  Marine x3  
  118  11:25  Starport Reactor  
  120  11:27  Siege Tank, Marine  
  120  11:30  Missile Turret, Factory, Marine x2  
  120  11:31  Missile Turret  
  120  11:32  Missile Turret, Starport Reactor  
  126  11:39  Marine x2  
  128  11:40  Marine  
  128  11:41  Viking x2, Marine x2  
  128  11:45  Planetary Fortress  
  135  11:51  Marine x3  
  135  11:52  Marine  
  139  11:57  Marine x2  
  141  12:02  Viking x2  
  141  12:04  Command Center  
  141  12:08  Siege Tank  
  140  12:11  Viking x2  
  127  12:18  Viking  
  127  12:20  Viking  
  131  12:24  Sensor Tower  
  131  12:28  Marine x3  
  131  12:29  Marine  
  135  12:30  Marine x3  
  135  12:32  Viking  
  137  12:40  Siege Tank  
  137  12:42  Marine x2  
  139  12:44  Viking  
  139  12:45  Viking  
  139  12:46  Marine x4  
  139  12:50  Marine x2  
  149  13:01  Viking x2  
  149  13:03  Factory Tech Lab  
  149  13:04  Marine x2  
  149  13:05  Viking x2  
  155  13:08  Liberator  
  153  13:13  Marine, Siege Tank  
  153  13:14  Marine  
  153  13:15  Viking  
  153  13:17  Marine x2  
  164  13:23  Siege Tank, Marine x3  
  164  13:25  Marine  
  164  13:27  Marine  
  172  13:30  Marine  
  172  13:32  Marine  
  175  13:37  Viking x2  
  175  13:41  Terran Ship Weapons Level 1  
  178  13:54  Siege Tank  
  150  13:56  Marine x5  
  150  14:00  Siege Tank  
  130  14:02  Viking  
  130  14:03  Viking x2  
  130  14:09  Viking  
  132  14:12  Refinery x2  
  132  14:18  Viking  
  132  14:23  Viking  
  134  14:29  Siege Tank, Marine  
  134  14:30  Marine x2  
  138  14:32  SCV  
  138  14:34  SCV x2  
  138  14:35  Planetary Fortress  
  141  14:41  Marine  
  141  14:42  Viking  
  141  14:43  Viking  
  146  14:49  Viking  
  146  14:50  SCV x3  
  151  14:55  Refinery  
  151  14:57  Viking  
  151  14:59  Refinery, Sensor Tower  
  153  15:01  Viking  
  153  15:04  Viking  
  157  15:17  Thor  
  163  15:22  Missile Turret  
  163  15:28  Thor  
  163  15:31  Marine  
  170  15:39  Viking  
  170  15:41  Viking x3  
  170  15:42  Viking  
  180  15:45  Viking  
  182  15:50  Missile Turret  
  182  15:52  Missile Turret  
  182  15:54  Missile Turret  
  182  16:00  Hellbat  
  184  16:06  Marine x4  
  184  16:08  Marine x2  
  184  16:09  Viking, Marine x3  
  194  16:11  Viking, Siege Tank  
  194  16:14  Terran Infantry Weapons Level 3  
  199  16:23  Marine x2  
  200  16:36  Siege Tank  
  200  16:37  Marine  
  200  16:41  Liberator x2  
  196  16:50  Viking x3  
  193  16:55  Siege Tank  
  193  17:01  Marine  
  199  17:06  Command Center  
  200  17:09  Command Center  
  194  17:23  Viking x2  
  194  17:24  Viking x2  
  196  17:34  Siege Tank  
  196  17:35  Marine  
  200  17:46  Starport x2  
  200  17:48  Starport  
  200  17:49  Starport  
  200  18:10  Siege Tank  
  200  18:11  Marine x5  
  200  18:12  Marine  
  199  18:16  Viking x3  
  199  18:18  Smart Servos  
  186  18:24  Viking x3  
  186  18:26  Viking  
  190  18:30  Viking  
  190  18:31  Viking  
  182  18:38  Siege Tank  
  170  18:45  Viking  
  170  18:46  Viking x2  
  170  18:47  Marine x2  
  167  18:54  Viking x3  
  173  18:56  Viking  
  173  19:00  Viking  
  173  19:01  Viking  
  176  19:11  Marine x5  
  176  19:13  Siege Tank, Marine x3  
  176  19:15  Viking  
  176  19:16  Viking x2  
  193  19:24  Viking x3  
  175  19:25  Marine  
  175  19:26  Viking  
  175  19:29  Marine x2  
  175  19:30  Viking, Marine  
  178  19:31  Viking  
  178  19:37  Siege Tank  
  181  19:40  Marine x2  
  181  19:42  Marine  
  181  19:45  Siege Tank  
  187  19:49  Marine x2  
  187  19:52  Marine  
  189  19:53  Marine  
  189  19:54  Marine x2  
  193  20:05  Marine x2  
  193  20:06  Marine  
  196  20:07  Marine x2  
  196  20:09  Viking  
  199  20:20  Viking  
  199  20:21  Viking  
  200  20:28  Viking x2  
  194  20:29  Marine, Siege Tank  
  194  20:30  Marine x2  
  194  20:31  Marine  
  194  20:32  Siege Tank  
  194  20:34  Viking  
  171  20:42  Marine x3  
  169  20:45  Planetary Fortress  
  165  20:57  Marine x2  
  165  20:58  Marine  
  165  20:59  Viking  
  165  21:00  Marine x2  
  165  21:01  Marine, Siege Tank  
  172  21:04  Siege Tank  
  172  21:08  Sensor Tower  
  175  21:14  Viking, Marine  
  175  21:15  Marine  
  179  21:19  Medivac  
  181  21:33  Marine x3, Siege Tank  
  181  21:36  Siege Tank  
  179  21:47  Marine x6  
  167  21:51  Marine x3  
  172  21:55  Viking x2  
  172  21:59  Viking  
  164  22:03  Viking  
  164  22:04  Marine  
  164  22:05  Marine x4  
  164  22:06  Viking, Siege Tank  
  164  22:08  Viking, Siege Tank  
  168  22:15  Viking  
  167  22:19  Viking x2, Marine  
  164  22:29  Viking x2  
  168  22:31  SCV  
  168  22:36  Viking  
  168  22:37  Viking, Marine x2  
  173  22:39  Marine x2  
  173  22:40  Liberator x2  
  173  22:41  Marine  
  178  22:47  Viking  
  178  22:49  Viking  
  182  22:57  Viking  
  189  23:01  Viking  
  191  23:09  Viking  
  191  23:10  Viking  
  195  23:13  Marine x3  
  195  23:18  Viking  
  199  23:23  Viking  
  194  23:31  Viking  
  196  23:35  Marine x2  
  196  23:39  Viking, Marine x2  
  200  23:55  Marine x2  
  198  24:00  Viking  
  197  24:08  Viking x2  
  199  24:22  Terran Infantry Armor Level 3  
  173  24:33  Marine, Siege Tank  
  173  24:34  Marine x8  
  135  24:42  Refinery  
  135  24:43  Siege Tank  
  134  24:49  Refinery x2  
  134  24:50  Viking  
  134  24:51  Marine x3  
  134  24:52  Marine x6  
  145  25:05  Siege Tank  
  148  25:09  Marine x8  
  156  25:17  Viking x2, Marine  
  156  25:20  Viking  
  163  25:27  Marine x8  
  162  25:28  Viking  
  162  25:29  Viking  
  162  25:34  Viking  
  162  25:35  Marine  
  169  25:45  Marine x8  
  169  25:48  Siege Tank  
  165  25:50  Viking  
  165  25:52  Marine  
  165  25:54  Viking  
  155  25:58  Command Center  
  155  26:00  Viking  
  155  26:02  Marine  
  155  26:03  Marine x7  
  163  26:08  Medivac  
  163  26:10  Marine  
  166  26:14  Siege Tank  
  169  26:20  Marine x3  
  169  26:21  Marine x5  
  169  26:22  Medivac  
  169  26:25  Viking  
  181  26:28  Marine  
  182  26:38  Marine x4  
  182  26:39  Siege Tank, Marine  
  187  26:40  Planetary Fortress  
  187  26:42  Marine x3  
  187  26:46  SCV, Marine  
  187  26:47  SCV x4  
  192  26:51  Siege Tank  
  193  26:56  Marine x4  
  193  26:59  SCV x3  
  176  27:44  Siege Tank  
  176  27:49  Siege Tank  
  181  27:56  Viking x2  
  185  27:59  Viking x4  
  188  28:12  Marine x4  
  191  28:16  Siege Tank  
  190  28:23  Factory  
  190  28:24  Factory  
  190  28:26  Marine x5  
  189  28:30  Viking x3  
  189  28:32  Viking x2  
  197  28:45  Supply Depot  
  197  28:47  Supply Depot x2  
  197  28:49  Supply Depot x2  
  197  28:58  Orbital Command  
  197  29:08  Marine x2  
  197  29:09  Viking  
  199  29:15  Starport Tech Lab  
  199  29:17  Viking x2, Siege Tank  
  199  29:20  Viking, Marine  
  190  29:48  Marine x4  
  190  29:49  Marine x2, Siege Tank  
  193  29:58  Viking x2  
  177  30:05  Viking  
  179  30:13  Viking, Marine  
  179  30:14  Viking  
  171  30:15  Marine x2  
  171  30:17  Marine x2  
  171  30:18  Viking, Marine x2  
  171  30:19  Marine  
  171  30:20  Viking  
  170  30:21  Viking  
  170  30:24  Viking  
  152  30:31  Marine  
  152  30:33  Marine x2  
  152  30:35  Marine x2  
  157  30:36  Marine x2  
  157  30:37  Marine  
  157  30:38  Viking  
  162  30:49  Marine  
  158  30:51  Marine x2  
  158  30:53  Marine x2  
  158  30:54  Marine x2  
  158  30:55  Marine  
  152  31:07  Marine  
  152  31:08  Marine  
  154  31:16  Marine  
  154  31:17  Marine x4  
  158  31:18  Marine  
  158  31:21  SCV  
  162  31:35  Medivac  
  162  31:42  Missile Turret  
  162  31:44  Missile Turret  
  162  31:45  Orbital Command  
  162  31:52  Sensor Tower, Marine x2  
  162  31:53  Marine  
  165  32:00  Sensor Tower  
  163  32:09  Marine x2  
  163  32:14  Marine x2  
  163  32:15  Marine x3  
  166  32:16  Marine  
  170  32:27  Marine  
  171  32:33  Marine x2  
  158  32:38  Marine x4  
  158  32:40  Marine  
  158  32:44  Factory Tech Lab x2  
  159  32:45  Marine  
  155  32:51  Marine x2  
  155  32:55  Viking x2  
  155  32:56  Marine x3  
  155  32:57  Viking x2  
  167  32:59  Marine x2  
  167  33:03  Marine  
  167  33:05  Refinery  
  168  33:06  Refinery  
  168  33:09  Marine x2  
  169  33:20  Marine x2  
  171  33:27  Marine x2  
  171  33:28  Siege Tank  
  171  33:30  Marine x4  
  168  33:37  Marine  
  168  33:38  Marine  
  170  33:45  Marine  
  170  33:48  Viking x2  
  171  33:53  Viking  
  151  33:55  Marine  
  151  33:56  Marine  
  151  33:57  Marine  
  151  34:02  Marine  
  149  34:03  Sensor Tower  
  149  34:04  Marine  
Tags
 
Matchup
TvT
Race
Terran
Spawn Locations
Cross Positions
Add a new tag
Caveats
  • Supply blocks, unpowered buildings, or Contaminate may cause inaccurate times.
  • Supply counts are checked every 10 seconds.